 Dungeon Crawl Stone Soup version 0.27.1-33-g824d729ab1 (webtiles) character file.

Game seed: 4160643989635478823

56 pkoi the Sneak (level 3, 0/29 HPs)
             Began as a Draconian Brigand on Dec 21, 2021.
             Succumbed to Terence's poison
             ... on level 2 of the Dungeon.
             The game lasted 00:01:33 (1504 turns).

pkoi the Sneak (Draconian Brigand)                  Turns: 1504, Time: 00:01:34

Health: 0/29       AC:  6    Str: 13    XL:     3   Next: 71%
Magic:  3/3        EV: 11    Int: 12    God:
Gold:   63         SH:  0    Dex: 12    Spells: 2/2 levels left

rFire    . . .     SeeInvis .   a - +2 dagger
rCold    . . .     Faith    .   (no shield)
rNeg     . . .     Spirit   .   (armour unavailable)
rPois    .         Reflect  .   (helmet restricted)
rElec    .         Harm     .   b - +0 cloak
rCorr    .         Rampage  .   (no gloves)
Will     .....                  (no boots)
Stlth    +++.......             (no amulet)
HPRegen  0.09/turn              (no ring)
MPRegen  0.08/turn              (no ring)

@: brilliant, lethally poisoned (0 -> -11)
A: AC +5, unfitting armour, cold-blooded
a: no special abilities


You were on level 2 of the Dungeon.
You visited 1 branch of the dungeon, and saw 2 of its levels.

You collected 63 gold pieces.

Inventory:

Hand Weapons
 a - a +2 dagger (weapon)
Missiles
 c - 6 poisoned darts (quivered)
 d - 2 curare-tipped darts
Armour
 b - a +0 cloak (worn)


   Skills:
 - Level 2.1 Fighting
 + Level 3.2 Short Blades
 - Level 1.7 Throwing
 - Level 0.8 Dodging
 + Level 4.4 Stealth


You had 2 spell levels left.
You didn't know any spells.
Your spell library was empty.

Dungeon Overview and Level Annotations

Branches:
Dungeon (2/15)

Altars:

Shops:
D:1 [

Annotations:
D:2 Jessica, Terence


Innate Abilities, Weirdness & Mutations

Your plain brown scales are hard. (AC +5)
You cannot fit into any form of body armour.
You are cold-blooded and may be slowed by cold attacks.


Message History

Terence is lightly wounded.
Terence hits you but does no damage.
You barely miss Terence.
Terence is lightly wounded.
Terence closely misses you.
You hit Terence but do no damage.
Terence is lightly wounded.
Jessica casts a spell.
Jessica seems to speed up.
Terence hits you with a +1 short sword of holy wrath.
* * * LOW HITPOINT WARNING * * *
Terence throws a poisoned dart.
The poisoned dart barely misses you.
You see here a rat corpse.
Terence throws a poisoned dart.
The poisoned dart hits you!
You are lethally poisoned!
* * * LOW HITPOINT WARNING * * *
You feel very sick.
* * * LOW HITPOINT WARNING * * *
You feel sick.
* * * LOW HITPOINT WARNING * * *
You feel sick.
You feel clever all of a sudden.
* * * LOW HITPOINT WARNING * * *
You feel sick.
You aren't carrying any scrolls.
Unknown command.
Throw: 8 darts (poison)
Press: ? - help, Q - select action, (/) - cycle Shift-Dir - straight line, f - Terence
Aim: Terence, wielding a +1 short sword of holy wrath, wearing a +0 scale mail and quivering poisoned darts (lightly wounded, 61% to hit)
You throw a poisoned dart. The poisoned dart hits Terence.
Terence is lightly wounded.
* * * LOW HITPOINT WARNING * * *
You feel sick.
Terence throws a poisoned dart.
The poisoned dart hits you!
You are more poisoned.
Throw: 7 darts (poison)
Press: ? - help, Q - select action, (/) - cycle Shift-Dir - straight line, f/p - Terence
Aim: Terence, wielding a +1 short sword of holy wrath, wearing a +0 scale mail and quivering poisoned darts (lightly wounded, 61% to hit)
You throw a poisoned dart. The poisoned dart hits Terence.
Terence is lightly wounded.
You die...

......#
#..##########.##.........
......#
##....##.@†@......#......
......#
####....#####.#.##:.....
......#
###....###.#.##...>..
#######
#######†#..##...########
#...@...##.##.###
#.########..### ######
##@#########.#########
.....#
#.....@.@......<.....####
.....#
##############..####.....
.....# ##.# ###### .....#
#.#
.....##################.####
####.........†.............#
#########################


You could see Terence and Jessica (fast).

Vanquished Creatures
  2 adders (D:2)
  A worm (D:2)
  2 dart slugs
  6 endoplasms
  2 goblins (D:1)
  A hobgoblin (D:1)
  2 jackals (D:2)
  A kobold (D:1)
  A quokka (D:1)
  6 ball pythons
  4 bats
  2 rats
30 creatures vanquished.

Notes
Turn   | Place    | Note
-------+----------+-------------------------------------------
     0 | D:1      | pkoi the Draconian Brigand began the quest for the Orb.
     0 | D:1      | Reached XP level 1. HP: 17/17 MP: 1/1
    27 | D:1      | Found Isoinaj's Antique Armour Boutique.
   326 | D:1      | Reached XP level 2. HP: 24/24 MP: 2/2
   430 | D:1      | Reached skill level 4 in Stealth
  1130 | D:2      | Reached XP level 3. HP: 21/29 MP: 3/3
  1406 | D:2      | Noticed Terence
  1449 | D:2      | Noticed Jessica
  1504 | D:2      | Succumbed to Terence's poison

Illustrated notes

Levels and vault maps discovered:
D:1:      lightli_arrival_statue_moat, layout_basic, serial_shops, shop,
          minmay_misc_feat_pillars, minmay_misc_feat_x
D:2:      layout_rooms, uniq_terence, uniq_jessica

Skill      XL: |  1  2 |
---------------+-------+-----
Stealth        | 4 |  4.4
Short Blades   | 3 |  3.2
Fighting       | |  2.1
Throwing       | |  1.7
Dodging        | |  0.8

Action                   || total
-------------------------++-------
Melee: Dagger            ||   110
       Tailslap          ||    12
Throw: Dart              ||     2
  Use: Potion            ||     2
       Scroll            ||     1
 Stab: Sleeping          ||     6
Armor: Skin              ||    29
Dodge: Dodged            ||    61
